 Dungeon Crawl Stone Soup version 0.17.0-24-gcfadda4 (webtiles) character file.

44 vatarom the Changer (level 3, 0/28 HPs)
             Began as a Draconian Transmuter on Nov 17, 2015.
             Slain by a gnoll
             ... wielding a +0 halberd
              (6 damage)
             ... on level 2 of the Dungeon.
             The game lasted 00:02:56 (1358 turns).

vatarom the Changer (Draconian Transmuter)          Turns: 1358, Time: 00:02:57

Health: 0/28       AC:  2    Str: 12    XL:     3   Next: 39%
Magic:  3/6        EV: 20    Int: 14    God:
Gold:   46         SH:  0    Dex: 16    Spells: 2 memorised, 2 levels left

rFire  . . .     SeeInvis .       - Unarmed
rCold  . . .     Clarity  .     (armour unavailable)
rNeg   . . .     SustAt   .     (shield currently unavailable)
rPois  x         Gourm    .     (helmet currently unavailable)
rElec  .         Spirit   .     (cloak currently unavailable)
rCorr  .         Warding  .     (gloves currently unavailable)
rMut   .         Stasis   .     (boots currently unavailable)
MR     .....                    (no amulet)
Stlth  +.........               (no ring)
                                (no ring)

@: spider-form, not resistant to hostile enchantments, very unstealthy
A: unfitting armour, (cold-blooded), AC +5
a: End Transformation


You were on level 2 of the Dungeon.
You were full.
You were a venomous arachnid creature.
You visited 1 branch of the dungeon, and saw 2 of its levels.

You collected 46 gold pieces.

Inventory:

Missiles
 a - 12 arrows
Armour
 e - a +0 pair of boots (melded)
Scrolls
 d - a scroll of teleportation
 f - 2 scrolls of fog
Potions
 i - a potion of curing
Books
 b - a book of Changes

   Spells                             Type                      Level
   a - Beastly Appendage              Transmutation                1
   b - Sticks to Snakes               Transmutation                2
   c - Spider Form                    Transmutation/Poison         3
   d - Ice Form                       Ice/Transmutation            4
   e - Blade Hands                    Transmutation                5
Comestibles
 c - a bread ration
 h - a beef jerky


   Skills:
 - Level 1.1 Fighting
 + Level 2.6 Dodging
 - Level 3.0 Unarmed Combat
 - Level 2.0 Spellcasting
 + Level 3.1 Transmutations


You had 2 spell levels left.
You knew the following spells:

 Your Spells              Type           Power        Failure   Level  Hunger
a - Beastly Appendage     Trmt           ##....       24%         1    ##.....
b - Spider Form           Trmt/Pois      #.........   61%         3    ####...


Dungeon Overview and Level Annotations

Branches:
Dungeon (2/15)

Altars:


Innate Abilities, Weirdness & Mutations

((Your plain brown scales are hard (AC +5).))
Your body does not fit into most forms of armour.
((You are cold-blooded and may be slowed by cold attacks.))


Message History

Confirm with . or Enter, or press ? or * to list all spells.
You turn into a venomous arachnid creature.
Your +0 pair of boots melds into your body.
The gnoll closely misses you. The gnoll barely misses you.
You hit the gnoll.
The gnoll is moderately wounded.
The gnoll closely misses you. The gnoll hits you with a halberd!
* * * LOW HITPOINT WARNING * * *
You barely miss the gnoll.
The gnoll is lightly wounded.
The gnoll closely misses you. The gnoll barely misses you.
You hit the gnoll.
The gnoll is heavily wounded.
The gnoll hits you from afar with a spear.
* * * LOW HITPOINT WARNING * * *
You hit the gnoll.
The gnoll is severely wounded.
The gnoll hits you with a halberd.
You die...

#......#'###...#...#...#.#.....
#......#.#####.#####.###.#.#.#.
#......#.......# #.# #.#.#.#.
#..†..gl..# ### #.###.#.#.#
#.....#[..# .. #.....#.#..
#.....#...#.# #.##########.###
########....# #.........<..#
#.###############.###
#>..lggs..........#
###################


You could see 2 gnolls and a giant newt.

Vanquished Creatures
  A gnoll (D:2)
  An ooze (D:1)
  A giant gecko (D:1)
  2 giant cockroaches (D:1)
  4 hobgoblins
  5 bats
  2 goblins (D:1)
  2 jackals (D:1)
  8 kobolds
  4 rats (D:1)
30 creatures vanquished.

Notes
Turn   | Place    | Note
--------------------------------------------------------------
     0 | D:1      | vatarom the Draconian Transmuter began the quest for the Orb.
     0 | D:1      | Reached XP level 1. HP: 16/16 MP: 3/3
   156 | D:1      | Reached XP level 2. HP: 17/23 MP: 5/5
   616 | D:1      | Reached XP level 3. HP: 28/28 MP: 4/6
  1345 | D:2      | Learned a level 3 spell: Spider Form
  1358 | D:2      | Slain by a gnoll

Action                   || total
-------------------------++-------
Melee: Unarmed           ||   124
 Cast: Beastly Appendage ||    10
       Spider Form       ||     1
  Use: Potion            ||     5
       Scroll            ||     4
 Stab: Sleeping          ||     3
  Eat: Meat ration       ||     1
       Pizza             ||     1
